 Dungeon Crawl Stone Soup version 0.29.0-4-gdea44cf6ec (webtiles) character file.

Game seed: 15303051046273536874

10 qw the Chopper (level 2, 0/17 HPs)
             Began as a Tengu Warper on Aug 28, 2022.
             Slain by an endoplasm (1 damage)
             ... on level 1 of the Dungeon.
             The game lasted 00:00:01 (388 turns).

qw the Chopper (Tengu Warper)                        Turns: 388, Time: 00:00:02

Health: 0/17       AC:  3    Str: 11    XL:     2   Next: 20%
Magic:  6/6        EV: 11    Int: 13    God:
Gold:   23         SH:  0    Dex: 13    Spells: 5/5 levels left

rFire   . . .      SeeInvis .   a - +0 hand axe
rCold   . . .      Faith    .   (no shield)
rNeg    . . .      Spirit   .   b - +0 leather armour
rPois   .          Reflect  .   (helmet restricted)
rElec   .          Harm     .   (no cloak)
rCorr   .          Rampage  .   (no gloves)
Will    .....                   (boots unavailable)
Stlth   +.........              (no amulet)
HPRegen 0.05/turn               (no ring)
MPRegen 0.10/turn               (no ring)

@: no status effects
A: beak, talons 3
a: no special abilities


You were on level 1 of the Dungeon.
You visited 1 branch of the dungeon, and saw 1 of its levels.

You collected 23 gold pieces.


Innate Abilities, Weirdness & Mutations

You have a beak for a mouth.
You have claws for feet.


   Skills:
 - Level 2.0 Fighting
 + Level 3.1 Axes
 - Level 1.0 Throwing
 - Level 1.1 Armour
 - Level 2.1 Dodging
 - Level 2.0 Spellcasting
 - Level 2.4 Translocations


You had 5 spell levels left.
You didn't know any spells.
Your spell library contained the following spells:

 Spells                   Type           Power      Damage    Failure   Level
 Blink                    Tloc           14%        N/A       19%         2
 Gell's Gravitas          Tloc           7%         N/A       36%         3
 Lesser Beckoning         Tloc           7%         N/A       36%         3
 Teleport Other           Tloc           7%         N/A       36%         3
 Manifold Assault         Tloc           7%         N/A       98%         5

Inventory:

Hand Weapons
 a - a +0 hand axe (weapon)
 d - a +0 club
Armour
 b - a +0 leather armour (worn)
Scrolls
 c - a scroll of blinking
 g - a scroll of vulnerability {unknown}
Potions
 e - 2 potions of invisibility {unknown}
 f - a potion of lignification {unknown}

Dungeon Overview and Level Annotations

Branches:
Dungeon (1/15)

Altars:


Message History

An endoplasm comes into view.
An endoplasm comes into view.
You completely miss the kobold.
The endoplasm quivers.
Your kick misses the kobold. Your peck misses the kobold.
An endoplasm comes into view.
The kobold hits you with a +0 short sword.
The kobold barely misses you. The endoplasm freezes you.
You are frozen.
You barely miss the kobold. Your peck misses the kobold.
You hit the endoplasm but do no damage.
The kobold hits you with a +0 short sword.
The endoplasm barely misses you.
You barely miss the kobold. You barely miss the endoplasm.
The endoplasm closely misses you.
The kobold hits you with a +0 short sword.
A dart slug comes into view.
You hit the kobold.
You kill the kobold!
You hit the endoplasm. The endoplasm barely misses you.
You hit the endoplasm. Your kick misses the endoplasm.
The endoplasm is moderately wounded.
You hit the endoplasm. The endoplasm hits you. The endoplasm misses you.
You hit the endoplasm. You claw the endoplasm.
You kill the endoplasm!
You barely miss the endoplasm. The endoplasm freezes you.
You are frozen.
386 ||| Stepping ~*~*~tactically~*~*~ (hiding).
The endoplasm attacks as you move away! The endoplasm hits you.
387 ||| Stepping ~*~*~tactically~*~*~ (hiding).
The endoplasm attacks as you move away!
The endoplasm hits you but does no damage.
You hit the endoplasm.
The endoplasm is severely wounded.
The endoplasm hits you.
You die...

.......#....#......
.......#..(.<......
.w.....#..........#
##.....(#.........#
.......#.........#
#).....#.......#.
#.......###...#..
##JJ........###...
#@...............(
#...................
#.##................
...
#.######.#.####..
#.## #.# #...# ### #
.:# ###.# # .### #
#.##### ..
....#.....##
.............#


You could see 2 endoplasms.

Vanquished Creatures
  A bat (D:1)
  2 endoplasms (D:1)
  3 jackals (D:1)
  2 kobolds (D:1)
8 creatures vanquished.

Notes
Turn   | Place    | Note
-------+----------+-------------------------------------------
     0 | D:1      | qw the Tengu Warper began the quest for the Orb.
     0 | D:1      | Reached XP level 1. HP: 12/12 MP: 4/4
     0 | D:1      | 0 ||| qw: Version: 0.1-a-89-g26bdef1
     0 | D:1      | 0 ||| qw: Game counter: 2637
     0 | D:1      | 0 ||| qw: Always use a shield: true
     0 | D:1      | 0 ||| qw: God list: Okawaru
     0 | D:1      | 0 ||| qw: Allow faded altars: false
     0 | D:1      | 0 ||| qw: Do Orc after D:15 true
     0 | D:1      | 0 ||| qw: Do second Lair branch before Depths: true
     0 | D:1      | 0 ||| qw: Lair rune preference: random
     0 | D:1      | 0 ||| qw: Plans: Normal
     0 | D:1      | 0 ||| PLANNING D:1-11
    77 | D:1      | 77 ||| Stepping ~*~*~tactically~*~*~ (stealth).
    88 | D:1      | Reached XP level 2. HP: 8/17 MP: 6/6
   286 | D:1      | Reached skill level 3 in Axes
   385 | D:1      | HP: 4/17 [frozen (4)]
   386 | D:1      | 386 ||| Stepping ~*~*~tactically~*~*~ (hiding).
   386 | D:1      | HP: 1/17 [endoplasm (3)]
   387 | D:1      | 387 ||| Stepping ~*~*~tactically~*~*~ (hiding).
   388 | D:1      | Slain by an endoplasm

Levels and vault maps discovered:
D:1:      dpeg_arrival_solitude, layout_rooms, chequers_serial_rivers_room_b

Skill      XL: |  1  2 |
---------------+-------+-----
Axes           | 3 |  3.1
Fighting       | |  2.0
Throwing       | |  1.0
Armour         | |  1.1
Dodging        | |  2.1
Spellcasting   | |  2.0
Translocations | |  2.4

Action                   || total
-------------------------++-------
Melee: Hand axe          ||    26
       Kick              ||     3
       Peck              ||     2
Throw: Boomerang         ||     7
Armor: Leather armour    ||     9
Dodge: Dodged            ||    19

Table legend:
 A = Non-vault XP
 B = Vault XP
 C = Vault XP percentage of total XP
 D = Non-vault monster count
 E = Vault monster count
 F = Vault count percentage of total count
                 A         B        C        D         E       F
            +---------+---------+-------+---------+---------+-------
      Total |      15 |       0 |   0.0 |       8 |       0 |   0.0
            +---------+---------+-------+---------+---------+-------
        D:1 |      15 |       0 |   0.0 |       8 |       0 |   0.0
            +---------+---------+-------+---------+---------+-------
